 Dungeon Crawl Stone Soup version 0.19.4-9-g45fd643 (webtiles) character file.

1360 vatarom the Conjurer (level 8, -2/71 HPs)
             Began as a White Draconian Venom Mage on Feb 17, 2017.
             Was a Believer of Vehumet.
             Shot with an arrow by a centaur (5 damage)
             ... on level 6 of the Dungeon.
             The game lasted 00:15:44 (5082 turns).

vatarom the Conjurer (White Draconian Venom Mage)   Turns: 5082, Time: 00:15:45

Health: -2/71      AC:  8    Str: 11    XL:     8   Next: 37%
Magic:  13/26      EV: 12    Int: 17    God:    Vehumet [**....]
Gold:   264        SH:  0    Dex: 16    Spells: 3 memorised, 3 levels left

rFire  . . .     SeeInvis .     n - staff of power
rCold  + . .     Gourm    .     (armour unavailable)
rNeg   . . .     Faith    .     (no shield)
rPois  .         Spirit   .     (helmet restricted)
rElec  .         Reflect  .     u - +0 cloak
rCorr  .         Harm     .     (no gloves)
MR     .....     Rnd*Rage +     h - +0 pair of boots
Stlth  ++........               (no amulet)
                                r - +4 ring of dexterity
                                l - +6 ring of slaying

@: radiating poison, very slightly contaminated
A: breathe frost, unfitting armour, hooves 1, horns 1, berserk 1, cold
resistance 1, cold-blooded, AC +6
a: Breathe Frost, Renounce Religion


You were on level 6 of the Dungeon.
You worshipped Vehumet.
Vehumet was pleased with you.
You were near starving.

You visited 2 branches of the dungeon, and saw 7 of its levels.
You also visited: Sewer.

You collected 264 gold pieces.

Inventory:

Hand Weapons
 e - a +2 hand axe of venom
Missiles
 k - 4 javelins (quivered)
Armour
 h - a +0 pair of boots (worn)
 u - a +0 cloak (worn)
Magical Staves
 n - an uncursed staff of power (weapon)
Jewellery
 l - a +6 ring of slaying (left hand)
 o - an uncursed ring of resist corrosion
 r - a +4 ring of dexterity (right hand)
Wands
 t - a wand of random effects (19/48)
 v - a wand of iceblast (3/15)
Scrolls
 b - a scroll of enchant armour
 d - 5 scrolls of teleportation
 i - 2 scrolls of identify
 x - a scroll of remove curse
Potions
 c - 2 potions of invisibility
 m - 2 potions of ambrosia
 p - a potion of curing
 q - a potion of heal wounds
Books
 a - a Young Poisoner's Handbook

   Spells                             Type                      Level
   a - Sting                          Conjuration/Poison           1
   b - Mephitic Cloud                 Conjuration/Poison/Air       3
   c - Olgreb's Toxic Radiance        Poison                       4
   d - Alistair's Intoxication        Transmutation/Poison         5
   e - Venom Bolt                     Conjuration/Poison           5
Comestibles
 f - 2 meat rations
 s - a slice of pizza


   Skills:
 + Level 6.4 Fighting
 - Level 1.7 Dodging
 - Level 1.7 Stealth
 - Level 2.0 Spellcasting
 - Level 7.7 Conjurations
 - Level 4.9 Poison Magic


You had 3 spell levels left.
You knew the following spells:

 Your Spells              Type           Power        Failure   Level  Hunger
a - Sting                 Conj/Pois      ###.         1%          1    #......
b - Mephitic Cloud        Conj/Pois/Air  ###.....     12%         3    ###....
c - Olgreb's Toxic Radia  Pois           ###.....     30%         4    #####..


Dungeon Overview and Level Annotations

Branches:
Dungeon (6/15)             Temple (1/1) D:4

Altars:
Ashenzari
Cheibriados
Dithmenos
Elyvilon
Fedhas
Gozag
Hepliaklqana
Kikubaaqudgha
Makhleb
Nemelex Xobeh
Ru
Sif Muna
Trog
Uskayaw
Vehumet
Xom
Yredelemnul
Zin
The Shining One
Lugonu

Shops:
D:5 [

Annotations:
D:5 Grinder


Innate Abilities, Weirdness & Mutations

You can breathe waves of freezing cold.
You can buffet flying creatures when you breathe cold.
Your icy white scales are hard. (AC +6)
You cannot fit into any form of body armour.
Your flesh is cold resistant. (rC+)
You are cold-blooded and may be slowed by cold attacks.
You have large cloven feet.
You have a pair of small horns on your head.
You tend to lose your temper in combat.


Message History

Unknown command.
The centaur shoots an arrow.
The arrow misses you.
The centaur shoots an arrow.
The arrow hits you!
The centaur shoots an arrow.
The arrow hits you but does no damage.
A centaur comes into view.
You see here 2 arrows.
Casting: Olgreb's Toxic Radiance
Confirm with . or Enter, or press ? or * to list all spells.
You begin to radiate toxic energy.
You are near starving!
The centaur is poisoned.
The centaur wields a shortbow.
The centaur shoots an arrow.
The arrow hits you!
* * * LOW HITPOINT WARNING * * *
The centaur shoots an arrow.
The arrow hits you.
* * * LOW HITPOINT WARNING * * *
The giant cockroach zombie bites you but does no damage.
The centaur shoots an arrow.
The arrow hits you!
* * * LOW HITPOINT WARNING * * *
The centaur shoots an arrow.
The arrow hits you.
You die...

#.###c
##....####
#..(.!c..
#.._...#
#..8...##
#c._....##
##.........
#.Z@......#
#.<........
#.(.......#
#.(......##
#.#........
#.##.....##
#. #.#....
#. .#####
#. ##


You could see 3 centaurs and a giant cockroach zombie.

Vanquished Creatures
  A phantom (D:4)
  2 black bears
  An ogre (D:5)
  A centaur (D:5)
  4 big kobolds (Sewer)
  A bullfrog (D:3)
  A scorpion (D:5)
  A howler monkey (D:5)
  A jelly (D:5)
  A centaur skeleton (D:4)
  An iguana (D:5)
  A worker ant (D:4)
  Natasha (thrice) (D:3)
  A hound skeleton (D:5)
  3 gnolls (D:3)
  A river rat (Sewer)
  14 adders
  5 oozes
  6 worms
  2 dart slugs
  6 leopard geckos
  5 orcs (D:5)
  4 giant cockroaches
  11 goblins
  4 hobgoblins
  4 jackals (D:5)
  A quokka (D:3)
  6 ball pythons
  8 bats
  7 frilled lizards
  10 kobolds
  9 rats
126 creatures vanquished.

Notes
Turn   | Place    | Note
-------+----------+-------------------------------------------
     0 | D:1      | vatarom the Draconian Venom Mage began the quest for the Orb.
     0 | D:1      | Reached XP level 1. HP: 14/14 MP: 3/3
   167 | D:1      | Reached skill level 1 in Conjurations
   272 | D:1      | Reached XP level 2. HP: 22/22 MP: 0/5
   340 | D:1      | Reached skill level 1 in Fighting
   574 | D:1      | Reached skill level 2 in Conjurations
   878 | D:1      | Reached XP level 3. HP: 28/28 MP: 6/6
  1008 | D:2      | Learned a level 3 spell: Mephitic Cloud
  1193 | D:2      | Found a glowing golden altar of the Shining One.
  1281 | D:2      | Reached skill level 3 in Conjurations
  1281 | D:2      | Reached XP level 4. HP: 36/36 MP: 5/7
  1330 | D:2      | Found a radiant altar of Vehumet.
  1348 | D:2      | Became a worshipper of Vehumet
  1573 | D:2      | Found a deep blue altar of Sif Muna.
  1689 | D:3      | Found a faded altar of an unknown god.
  1733 | D:3      | Found a burning altar of Makhleb.
  1971 | D:3      | Found a glowing drain.
  1985 | Sewer    | Entered a sewer
  2001 | Sewer    | Noticed a big kobold
  2021 | Sewer    | Killed a big kobold
  2021 | Sewer    | Reached skill level 4 in Conjurations
  2021 | Sewer    | Reached XP level 5. HP: 34/42 MP: 3/8
  2186 | Sewer    | Reached skill level 5 in Conjurations
  2444 | Sewer    | Reached XP level 6. HP: 28/50 MP: 4/9
  2607 | Sewer    | Reached * piety under Vehumet
  2607 | Sewer    | Offered knowledge of Magic Dart by Vehumet.
  2771 | Sewer    | Reached skill level 6 in Conjurations
  2868 | D:3      | Noticed Natasha
  2879 | D:3      | Killed Natasha
  2879 | D:3      | Your scales start taking on an icy white colour.
  2879 | D:3      | Reached XP level 7. HP: 48/56 MP: 1/10
  2879 | D:3      | Gained mutation: Your flesh is cold resistant. (rC+) [White Draconian growth]
  2954 | D:3      | Learned a level 4 spell: Olgreb's Toxic Radiance
  3031 | D:3      | Reached skill level 7 in Conjurations
  3243 | D:3      | Found a shimmering altar of Xom.
  3277 | D:3      | Noticed Natasha
  3284 | D:3      | Killed Natasha
  3301 | D:3      | Noticed Natasha
  3305 | D:3      | Killed Natasha
  3457 | D:4      | Found a sacrificial altar of Ru.
  3610 | D:4      | Gained mutation: You have a pair of small horns on your head. [potion of mutation]
  3610 | D:4      | Gained mutation: You have large cloven feet. [potion of mutation]
  3610 | D:4      | Gained mutation: You tend to lose your temper in combat. [potion of mutation]
  3755 | D:4      | Found a staircase to the Ecumenical Temple.
  3765 | Temple   | Entered the Ecumenical Temple
  3968 | D:4      | Found a white marble altar of Elyvilon.
  4318 | D:5      | Entered Level 5 of the Dungeon
  4354 | D:5      | Reached ** piety under Vehumet
  4354 | D:5      | Offered knowledge of Throw Flame by Vehumet.
  4415 | D:5      | Found a blossoming altar of Fedhas.
  4481 | D:5      | Reached XP level 8. HP: 53/67 MP: 7/11
  4515 | D:5      | Reached skill level 5 in Fighting
  4902 | D:5      | Found Inisuiqi's Armour Emporium.
  4933 | D:5      | Noticed Grinder
  5039 | D:6      | Found a bloodstained altar of Trog.
  5039 | D:6      | Found a hide-covered altar of Uskayaw.
  5082 | D:6      | HP: 3/71 [centaur/arrow (7)]
  5082 | D:6      | Shot with an arrow by a centaur

Skill      XL: |  1  2  3  4  5  6  7  8 |
---------------+-------------------------+-----
Conjurations   | 1 2 3 4 5 6 7 |  7.7
Fighting       | 1 2 4 6 |  6.4
Dodging        | |  1.7
Stealth        | |  1.7
Spellcasting   | |  2.0
Poison Magic   | |  4.9

Action                   |  1- 3 |  4- 6 |  7- 9 || total
-------------------------+-------+-------+-------++-------
Melee: Short sword       |    12 |       |       ||    12
       Tailslap          |     5 |     5 |     4 ||    14
       Hand axe          |    48 |    89 |    34 ||   171
       Dagger            |     5 |       |       ||     5
       Staff             |       |       |    20 ||    20
       Headbutt          |       |       |     8 ||     8
Throw: Javelin           |       |     2 |       ||     2
 Cast: Sting             |    25 |    79 |    60 ||   164
       Mephitic Cloud    |       |     1 |     5 ||     6
       Olgreb's Toxic Ra |       |       |     6 ||     6
 Abil: Breathe Frost     |       |       |     2 ||     2
  Use: Scroll            |     6 |     4 |     7 ||    17
       Potion            |     4 |     1 |     3 ||     8
 Stab: Invisible         |     1 |       |       ||     1
       Sleeping          |       |     2 |     2 ||     4
  Eat: Chunk             |     2 |     1 |     3 ||     6
       Bread ration      |       |     2 |       ||     2
       Royal jelly       |       |       |     1 ||     1
       Beef jerky        |       |       |     1 ||     1
Armor: Skin              |    22 |    26 |    33 ||    81
Dodge: Dodged            |    42 |    64 |    57 ||   163
